 Dungeon Crawl Stone Soup version 0.29.1-2-gbd0b4ee654 (webtiles) character file.

Game seed: 11699087012234969119

81 GorkyZ the Trooper (level 4, 0/35 HPs)
             Began as a Demonspawn Fighter on Nov 19, 2022.
             Slain by Natasha (3 damage)
             ... on level 2 of the Dungeon.
             The game lasted 00:05:57 (1560 turns).

GorkyZ the Trooper (Demonspawn Fighter)             Turns: 1560, Time: 00:05:58

Health: 0/35       AC: 11    Str: 19    XL:     4   Next: 19%
Magic:  4/4        EV:  5    Int:  9    God:
Gold:   45         SH:  4    Dex: 12    Spells: 3/3 levels left

rFire   . . .      SeeInvis .   a - +0 war axe
rCold   . . .      Faith    .   c - +0 buckler
rNeg    . . .      Spirit   .   k - +0 plate armour
rPois   .          Reflect  .   (no helmet)
rElec   .          Harm     .   (no cloak)
rCorr   .          Rampage  .   (no gloves)
Will    .....                   (no boots)
Stlth   ..........              f - amulet of the acrobat
HPRegen 0.11/turn               (no ring)
MPRegen 0.09/turn               (no ring)

@: slowed, very slow
A: demonic guardian 2
a: no special abilities


You were on level 2 of the Dungeon.
You visited 1 branch of the dungeon, and saw 2 of its levels.

You collected 45 gold pieces.

Inventory:

Hand Weapons
 a - a +0 war axe (weapon)
 l - a +0 hand axe of distortion
Missiles
 j - 3 silver boomerangs (quivered)
Armour
 b - a +0 scale mail
 c - a +0 buckler (worn)
 k - a +0 plate armour (worn)
Jewellery
 f - an amulet of the acrobat (around neck)
 g - a +6 ring of strength
Scrolls
 h - a scroll of enchant weapon {unknown}
Potions
 d - 2 potions of might
 e - 2 potions of mutation {unknown}
 i - a potion of curing {unknown}
 m - a potion of lignification {unknown}
 n - a potion of brilliance {unknown}


   Skills:
 + Level 3.2 Fighting
 + Level 2.1 Axes
 + Level 0.8 Throwing
 * Level 3.2 Armour
 * Level 1.4 Dodging
 * Level 3.1 Shields


You had 3 spell levels left.
You didn't know any spells.
Your spell library contained the following spells:

 Spells                   Type           Power      Damage    Failure   Level
 Ignite Poison            Fire/Tmut/Pois 0%         N/A       100%        3
 Mephitic Cloud           Conj/Pois/Air  0%         N/A       100%        3
 Freezing Cloud           Conj/Ice/Air   0%         6-21      100%        5


Dungeon Overview and Level Annotations

Branches:
Dungeon (2/15)

Altars:

Annotations:
D:2 Natasha


Innate Abilities, Weirdness & Mutations

A demonic guardian rushes to your aid.


Message History

Natasha casts a spell at you. The magic dart hits you.
* * * LOW HITPOINT WARNING * * *
A demonic guardian appears!
Natasha claws you but does no damage.
You closely miss Natasha.
Natasha is almost dead.
You closely miss the bat. The bat hits you but does no damage.
Your ufetubus hits Natasha.
Natasha dies!
Natasha growls in agony!
Your ufetubus hits the bat.
The bat dies!
You have reached level 4!
You feel stronger.
Your demonic ancestry asserts itself...
Your guardian grows in power.
Natasha, Servant of Life and Death comes into view.
Your ufetubus disappears in a puff of smoke!
Natasha stares at you and mumbles some strange words.
The magic dart hits you but does no damage.
Natasha mewls in sadness.
Natasha stares at you and mumbles some strange words.
You feel yourself slow down.
Natasha stares at you and mumbles some strange words.
The magic dart hits you but does no damage.
A worm comes into view.
Natasha mumbles some strange words.
You feel disoriented.
Natasha casts a spell.
You block the worm's attack.
You barely miss the worm. You barely miss the crimson imp.
The crimson imp blinks!
The worm bites you but does no damage.
You slash the worm!
The worm is severely wounded.
You hit Natasha but do no damage.
Natasha mumbles some strange words.
Natasha shimmers violently.
Natasha barely misses you. The worm bites you!
* * * LOW HITPOINT WARNING * * *
A demonic guardian appears!
Natasha claws you.
You die...

†#..######
.........#
##.#####.#
...# #.#
####
#h##### #
#..§h.# #
#.###.# #
#.#
#.#.#### #
###
#.#.w@.# #
#.####h#
#...h.4#
########


You could see a worm, Natasha (ally target) and a friendly rust devil (summoned,
wandering).

Vanquished Creatures
  Natasha (D:2)
  2 dart slugs
  2 ball pythons (D:1)
  3 bats (D:1)
  2 giant cockroaches (D:1)
  4 goblins
  A hobgoblin (D:1)
  3 kobolds
  2 quokkas
  2 frilled lizards (D:2)
  4 rats
26 creatures vanquished.

Vanquished Creatures (collateral kills)
  Natasha (D:2)
  A bat (D:2)
2 creatures vanquished.

Grand Total: 28 creatures vanquished

Notes
Turn   | Place    | Note
-------+----------+-------------------------------------------
     0 | D:1      | GorkyZ the Demonspawn Fighter began the quest for the Orb.
     0 | D:1      | Reached XP level 1. HP: 18/18 MP: 1/1
   151 | D:1      | Gained mutation: A weak demonic guardian rushes to your
                  | aid. [demonic ancestry]
   151 | D:1      | Reached XP level 2. HP: 24/24 MP: 2/2
  1181 | D:2      | Noticed Natasha
  1193 | D:2      | Reached XP level 3. HP: 29/29 MP: 3/3
  1205 | D:2      | Killed Natasha
  1206 | D:2      | Reached skill level 1 in Dodging
  1514 | D:2      | Noticed Natasha
  1525 | D:2      | Killed Natasha
  1526 | D:2      | Gained mutation: A demonic guardian rushes to your aid.
                  | [demonic ancestry]
  1526 | D:2      | Reached XP level 4. HP: 8/35 MP: 4/4
  1533 | D:2      | Noticed Natasha
  1560 | D:2      | Slain by Natasha

Illustrated notes

Levels and vault maps discovered:
D:1:      dpeg_arrival_signposts, layout_basic, minmay_pentomino_z2
D:2:      layout_basic, serial_shops, shop, nicolae_shop_window_shopping, shop,
          shop, uniq_natasha

Skill      XL: |  1  2  3 |
---------------+----------+-----
Axes           | 2 |  2.1
Armour         | 3 |  3.2
Dodging        | 1 |  1.4
Shields        | 3 |  3.1
Fighting       | |  3.2
Throwing       | |  0.8

Action                   |  1- 3 |  4- 6 || total
-------------------------+-------+-------++-------
Melee: War axe           |    75 |     2 ||    77
Armor: Scale mail        |    19 |       ||    19
       Plate armour      |    18 |     3 ||    21
Dodge: Dodged            |    40 |     1 ||    41
Block: Buckler           |    23 |     1 ||    24
